 Dungeon Crawl Stone Soup version 0.29.1-15-g9cfb28693d (webtiles) character file.

Game seed: 1284923150113014553

153 adizb the Ruffian (level 5, 0/53 HPs)
             Began as a Troll Berserker on Apr 22, 2023.
             Was a Believer of Trog.
             Slain by a hobgoblin (4 damage)
             ... led by Robin
             ... on level 3 of the Dungeon.
             The game lasted 00:05:19 (1286 turns).

adizb the Ruffian (Troll Berserker)                 Turns: 1286, Time: 00:05:20

Health: 0/53       AC:  4    Str: 27    XL:     5   Next: 12%
Magic:  4/4        EV:  8    Int:  3    God:    Trog [**....]
Gold:   59         SH:  6    Dex:  9    Spells: 4/4 levels left

rFire   . . .      SeeInvis .     - Unarmed
rCold   . . .      Faith    .   b - +0 kite shield
rNeg    . . .      Spirit   .   a - +0 animal skin
rPois   .          Reflect  .   (helmet restricted)
rElec   .          Harm     .   (no cloak)
rCorr   .          Rampage  .   (gloves unavailable)
Will    .....                   (boots unavailable)
Stlth   +.........              (no amulet)
HPRegen 0.97/turn               (no ring)
MPRegen 0.09/turn               (no ring)

@: on berserk cooldown, slowed, very slow
A: large, unfitting armour, claws 3, regeneration 1, shaggy fur 1, tough skin 1
a: Renounce Religion, Berserk, Trog's Hand


You were on level 3 of the Dungeon.
You worshipped Trog.
Trog was pleased with you.
You visited 1 branch of the dungeon, and saw 3 of its levels.

You collected 59 gold pieces.

Inventory:

Armour
 a - a +0 animal skin (worn)
 b - a +0 kite shield (worn)
Jewellery
 j - a ring of magical power
Wands
 o - a wand of flame (14)
Scrolls
 d - a scroll of vulnerability {unknown}
 e - a scroll of amnesia {unknown}
 h - a scroll of fog {unknown}
 i - 3 scrolls of immolation
 k - a scroll of enchant weapon {unknown}
 m - a scroll of magic mapping {unknown}
 n - 2 scrolls of silence {unknown}
Potions
 c - 2 potions of curing {unknown}
 f - 3 potions of brilliance {unknown}
 g - a potion of invisibility {unknown}
 l - a potion of mutation {unknown}
 p - a potion of attraction {unknown}
 q - a potion of heal wounds {unknown}
 r - a potion of ambrosia {unknown}


   Skills:
 + Level 3.1 Fighting
 - Level 2.4 Dodging
 + Level 1.9 Shields
 * Level 4.6 Unarmed Combat


You had 4 spell levels left.
You didn't know any spells.
Your spell library was empty.

Dungeon Overview and Level Annotations

Branches:
Dungeon (3/15)

Altars:

Shops:
D:1 [?


Innate Abilities, Weirdness & Mutations

You are too large for most types of armour.
You have claws for hands.
Your natural rate of healing is unusually fast.
You are covered in fur. (AC +1)
You have tough skin. (AC +1)


Message History

* * * LOW HITPOINT WARNING * * *
Items here: )))) [[ †.
Your skin crawls.
You feel strong-willed.
You feel the effects of Trog's Hand fading.
The hobgoblin closely misses you. The hobgoblin barely misses you.
The hobgoblin hits you.
* * * LOW HITPOINT WARNING * * *
You block the hobgoblin's attack.
You see here a +0 dagger.
The hobgoblin hits you.
* * * LOW HITPOINT WARNING * * *
You claw the hobgoblin!
You kill the hobgoblin!
Trog accepts your kill. You block the goblin's attack.
You closely miss the goblin.
Your skin stops crawling.
You feel less strong-willed. The goblin hits you with a +0 club.
* * * LOW HITPOINT WARNING * * *
The goblin hits you with a +0 club.
* * * LOW HITPOINT WARNING * * *
The hobgoblin barely misses you.
You closely miss the hobgoblin.
The hobgoblin no longer looks unusually strong.
The goblin hits you with a +0 club.
* * * LOW HITPOINT WARNING * * *
The hobgoblin hits you.
* * * LOW HITPOINT WARNING * * *
The goblin barely misses you.
The hobgoblin hits you but does no damage.
You closely miss the goblin. The goblin hits you with a +0 club.
* * * LOW HITPOINT WARNING * * *
The hobgoblin hits you.
* * * LOW HITPOINT WARNING * * *
You closely miss the hobgoblin. The goblin closely misses you.
You block the hobgoblin's attack. The goblin hits you with a +0 club.
* * * LOW HITPOINT WARNING * * *
The hobgoblin hits you.
You die...

.....# #....#.# ... #....#.# .
.. #......## ..#>. ###.......#
.<.. #..)...#..# #...
####)##...# .#
..#...####..)g##)..# #
............@g)....# ...#
#.#.#######'#######.#### ...#
#.#.# #.# #..# #..### #...#
#####.##### #..# ....# ...#
#...'.'...# #..######.#.# #..#
#.###.###.# #...........# #..#
#.# #.# #...........#
#..###'###.###+###...........##
#..'.............'............#


You could see a hobgoblin and a goblin (strong).

Vanquished Creatures
  An orc priest (D:3)
  Jessica (D:2)
  Robin (D:3)
  3 adders (D:2)
  A dart slug (D:1)
  6 endoplasms
  3 giant cockroaches
  12 goblins
  3 hobgoblins
  3 quokkas
  8 ball pythons
  4 bats
  4 kobolds
  6 rats
56 creatures vanquished.

Notes
Turn   | Place    | Note
-------+----------+-------------------------------------------
     0 | D:1      | adizb the Troll Berserker began the quest for the Orb.
     0 | D:1      | Reached XP level 1. HP: 22/22 MP: 0/0
    48 | D:1      | Found Idinwe's Armour Shoppe.
    98 | D:1      | Reached XP level 2. HP: 28/29 MP: 1/1
   111 | D:1      | Found a faded altar of an unknown god.
   197 | D:1      | Found Pevounu's Magic Scroll Boutique.
   464 | D:2      | Reached skill level 1 in Shields
   496 | D:2      | Reached XP level 3. HP: 36/36 MP: 2/2
   624 | D:2      | Reached ** piety under Trog
   676 | D:2      | Reached skill level 4 in Unarmed Combat
   770 | D:2      | Noticed Jessica
   776 | D:2      | Killed Jessica
   777 | D:2      | Reached XP level 4. HP: 15/44 MP: 3/3
  1236 | D:3      | Noticed Robin
  1268 | D:3      | Reached XP level 5. HP: 28/53 MP: 4/4
  1277 | D:3      | Killed Robin
  1286 | D:3      | Slain by a hobgoblin

Illustrated notes

Levels and vault maps discovered:
D:1:      lightli_arrival_isolated_outpost, layout_basic,
          ebering_ecumenical_altar_sacrificial, serial_shops, shop,
          nicolae_shop_trees
D:2:      layout_loops_ring, chequers_serial_rivers_small_a, uniq_jessica
D:3:      layout_basic, minmay_door_square, uniq_robin, uniq_natasha,
          uniq_sigmund

Skill      XL: |  1  2  3  4 |
---------------+-------------+-----
Shields        | 1 |  1.9
Unarmed Combat | 4 |  4.6
Fighting       | 3 |  3.1
Dodging        | |  2.4

Action                   |  1- 3 |  4- 6 || total
-------------------------+-------+-------++-------
Melee: Unarmed           |    88 |    56 ||   144
Invok: Berserk           |     1 |     1 ||     2
       Trog's Hand       |       |     3 ||     3
  Use: Scroll            |     1 |       ||     1
Armor: Animal skin       |    34 |    22 ||    56
Dodge: Dodged            |    23 |    24 ||    47
Block: Kite shield       |    35 |    24 ||    59
